 Dungeon Crawl Stone Soup version 0.21-a0-273-g0785366 (webtiles) character file.

182 RKaid the Slasher (level 5, -11/41 HPs)
             Began as a Vampire Chaos Knight on Sept 17, 2017.
             Mangled by a wight
             ... wielding a cursed +3 halberd
              (12 damage)
             ... on level 4 of the Dungeon.
             The game lasted 00:12:40 (4388 turns).

RKaid the Slasher (Vampire Chaos Knight)            Turns: 4388, Time: 00:12:42

Health: -11/41     AC:  8    Str: 11    XL:     5   Next: 34%
Magic:  5/5        EV: 13    Int: 15    God:    Xom [.*....]
Gold:   183        SH:  0    Dex: 14    Spells: 4/4 levels left

rFire    . . .     SeeInvis +   a - +1 falchion (chaos)
rCold    . . .     Gourm    .   (no shield)
rNeg     + . .     Faith    .   p - +2 leather armour
rPois    .         Spirit   .   (no helmet)
rElec    .         Reflect  .   (no cloak)
rCorr    .         Harm     .   (no gloves)
MR       .....                  o - +0 pair of boots
Stlth    ++........             (no amulet)
HPRegen  0.13/turn              (no ring)
MPRegen  0.09/turn              (no ring)

@: no status effects
A: fangs 3, hooves 1, thin metallic scales 1, see invisible, unbreathing, sturdy
frame 1
a: Bat Form, Renounce Religion


You were on level 4 of the Dungeon.
You worshipped Xom.
You were a plaything of Xom.
You were not thirsty.

You visited 1 branch of the dungeon, and saw 4 of its levels.

You collected 183 gold pieces.

Inventory:

Hand Weapons
 a - a +1 falchion of chaos (weapon)
 b - a +0 hunting sling
   (You found it on level 2 of the Dungeon)
 c - a +4 dagger
   (You took it off a goblin on level 1 of the Dungeon)
Missiles
 e - 51 stones (quivered)
Armour
 d - +0 steam dragon scales {rSteam}
   (You found it on level 2 of the Dungeon)
 o - a +0 pair of boots (worn)
   (You found it on level 2 of the Dungeon)
 p - a +2 leather armour (worn)
Wands
 n - a wand of paralysis (16/24)
   (You found it on level 4 of the Dungeon)
Scrolls
 i - a scroll of identify
Potions
 f - a potion of lignification {!q}
 g - a potion of brilliance
 h - a potion of curing {unknown}
 j - a potion of magic
 l - 2 potions of heal wounds
 m - a potion of agility {unknown}
 q - 4 potions of blood {@q1}
Books
 k - a book of Changes
   (Xom gifted it to you on level 3 of the Dungeon)


   Skills:
 + Level 3.4 Fighting
 * Level 4.6 Long Blades
 - Level 0.7 Armour
 + Level 3.1 Dodging
 + Level 3.2 Stealth


You had 4 spell levels left.
You didn't know any spells.

Dungeon Overview and Level Annotations

Branches:
Dungeon (4/15)
 Temple: D:4-7

Altars:
Elyvilon
Kikubaaqudgha

Annotations:
D:3 exclusion: Ijyb, Ijyb


Innate Abilities, Weirdness & Mutations

You have razor-sharp teeth.
You have supernaturally acute eyesight. (SInv)
You can survive without breathing.
You have large cloven feet.
You are partially covered in thin metallic scales. (AC +2)
Your movements are slightly less encumbered by armour. (ER -2)


Message History

No target in view!
No target in view!
e - 36 stones (gained 2)
Things that are here:
a dagger; an orc corpse
e - 45 stones (gained 9)
Things that are here:
a robe; a dagger; an orc corpse
e - 46 stones (gained 1)
e - 47 stones (gained 1)
There is a stone staircase leading up, spattered with blood here.
Things that are here:
a robe; a dagger; an orc corpse You bottle the corpse's blood.
q - 3 potions of blood {@q1} (gained 1)
Things that are here:
a robe; a dagger; an orc skeleton
Things that are here:
a dagger; an orc corpse You bottle the corpse's blood.
q - 4 potions of blood {@q1} (gained 1)
You see here a dagger.
e - 48 stones (gained 1)
e - 49 stones (gained 1)
e - 50 stones (gained 1)
There is an open door here.
e - 51 stones (gained 1)
There is an open door here.
n - a wand of paralysis (?/24)
You see here a flail.
There is a stone staircase leading down here.
There is an open door here.
You see here a robe.
r - a scroll labeled ZUSEAXKONAO
As you read the scroll labeled ZUSEAXKONAO, it crumbles to dust.
You feel as if something is helping you.
It was a scroll of remove curse.
Drop what? 17/52 slots (_ for help) (? for menu, Esc to quit)
Okay, then.
Your +1 falchion of chaos is briefly surrounded by a scintillating aura of random colours.
a - a +1 falchion of chaos (weapon)
Search for what [Enter for "sling", or ? for help]? shield Can't find anything matching that.
Unknown command.
Found a stone staircase leading down.
You see here 7 javelins.
Xom's power touches on you for a moment.
The air around you crackles with energy!
You open the door.
There is an open door here.
There is an open door here.
You open the door.
There is an open door here.
You open the door.
There is an open door here.
There is an open door here.
There is a stone staircase leading up here.
There is an open door here.
Found an escape hatch in the floor.
The wight is too close now for your liking.
There is an open door here.
There is a stone staircase leading up here.
You start waiting.
The wight hits you but does no damage.
You hit the wight.
The wight hits you with an enchanted halberd!
You closely miss the wight.
The wight hits you with an enchanted halberd.
You hit the wight.
The wight seems to speed up.
The wight barely misses you.
You barely miss the wight. The wight hits you but does no damage.
The wight closely misses you.
You hit the wight.
The wight hits you with an enchanted halberd!
You hit the wight.
The wight seems to slow down.
The wight is no longer moving slowly.
The wight misses you.
You hit the wight but do no damage. The wight hits you but does no damage.
You barely miss the wight. The wight hits you but does no damage.
The wight hits you with an enchanted halberd.
You hit the wight. The wight closely misses you.
You barely miss the wight. The wight barely misses you.
You riposte.
You barely miss the wight. You hit the wight but do no damage.
The wight barely misses you.
You barely miss the wight. The wight barely misses you. x2
You hit the wight but do no damage.
Your bite misses the wight. "Heh heh heh..."
The wight looks rather confused.
You are now a plaything of Xom.
The wight seems less confused.
The wight closely misses you. The wight barely misses you.
You hit the wight but do no damage.
The wight hits you with an enchanted halberd!
The wight barely misses you.
The wight hits you from afar with an enchanted halberd.
* * * LOW HITPOINT WARNING * * *
The wight hits you from afar with an enchanted halberd!
* * * LOW HITPOINT WARNING * * *
There is a stone staircase leading up here.
The wight hits you from afar with an enchanted halberd!
You die...
Xom chuckles heartily!

...........#..................
...........#..................
.........)>'...[..............
...........#.....##...##.##'##
#######....##....##...##.##.##
.####....###'####......#....
..........#......#......#....
..........#....[<#......'....
..........'.@..)##....####.#.
..###....###....##....####.##
..###....###z...##....#.....#
.........'.....#.....#.....#
.........#.....#.....#.....#
.........#.....#.....#.....#
..###...##....###..####.#..#
#...##....##############
#..........#....+....#


You could see a wight.

Vanquished Creatures
  An iguana (D:3)
  An orc wizard (D:4)
  3 gnolls (D:3)
  4 adders
  An ooze (D:3)
  3 worms
  3 dart slugs (D:1)
  2 leopard geckos (D:1)
  2 orcs
  9 bats
  5 goblins
  4 hobgoblins
  A quokka (D:2)
  2 frilled lizards (D:1)
  5 kobolds
  5 rats
51 creatures vanquished.

Vanquished Creatures (others)
  An adder (D:3)
  A frilled lizard (D:3)
2 creatures vanquished.

Grand Total: 53 creatures vanquished

Notes
Turn   | Place    | Note
-------+----------+-------------------------------------------
     0 | D:1      | RKaid the Vampire Chaos Knight began the quest for the Orb.
     0 | D:1      | Reached XP level 1. HP: 17/17 MP: 1/1
    77 | D:1      | XOM: harmless Ice miscast
    80 | D:1      | HP: 4/17 [hobgoblin/club (5)]
   141 | D:1      | Reached skill level 1 in Stealth
   342 | D:1      | HP: 2/17 [worm (6)]
   470 | D:1      | Reached XP level 2. HP: 23/23 MP: 2/2
   611 | D:1      | Reached skill level 3 in Fighting
   655 | D:1      | XOM: harmless Pois miscast
   802 | D:1      | You fall through a shaft!
   808 | D:2      | Reached XP level 3. HP: 25/29 MP: 3/3
   828 | D:2      | Found a faded altar of an unknown god.
   866 | D:2      | Reached skill level 2 in Stealth
  1285 | D:1      | XOM: mild Chrm miscast
  2215 | D:3      | Reached XP level 4. HP: 35/35 MP: 4/4
  2307 | D:3      | XOM: give mutations
  2307 | D:3      | Gained mutation: You have large cloven feet. [Xom's grace]
  2307 | D:3      | Gained mutation: Your movements are slightly less encumbered by armour. (ER -2) [Xom's grace]
  2459 | D:3      | Reached skill level 4 in Long Blades
  2812 | D:3      | Noticed Ijyb
  2861 | D:3      | XOM: give mutation
  2861 | D:3      | Gained mutation: You are partially covered in thin metallic scales. (AC +2) [Xom's grace]
  2871 | D:3      | Found a white marble altar of Elyvilon.
  2881 | D:3      | Found an ancient bone altar of Kikubaaqudgha.
  2915 | D:3      | XOM: polymorph adder -> iguana
  2934 | D:3      | Reached skill level 3 in Stealth
  3068 | D:3      | XOM: medium Necr miscast
  3069 | D:3      | Noticed a shadow
  3069 | D:3      | Noticed a shadow
  3360 | D:3      | Reached XP level 5. HP: 29/41 MP: 5/5
  3701 | D:4      | XOM: chaos upgrade
  3702 | D:4      | XOM: silly message
  3704 | D:4      | Reached skill level 3 in Dodging
  3704 | D:4      | XOM: mild Tloc miscast
  3713 | D:4      | XOM: smoke on damage
  3723 | D:4      | XOM: noise
  3726 | D:4      | XOM: confuse monster(s)
  3740 | D:4      | XOM: scenery: 1 doors close
  3745 | D:4      | XOM: polymorph worker ant -> gnoll
  3748 | D:4      | XOM: summons friendly quasit
  3749 | D:4      | XOM: divination: detect items
  3752 | D:4      | HP: 4/41 [wight/enchanted flail (10)]
  4076 | D:3      | XOM: god gift: metal-bound book {god gift}
  4271 | D:4      | XOM: harmless Tloc miscast
  4379 | D:4      | XOM: confuse monster(s)
  4386 | D:4      | HP: 1/41 [wight/enchanted halberd (10)]
  4388 | D:4      | Mangled by a wight

Vault maps used:
D:1:      saegor_arrival_simple_a
D:2:      chequers_ecumenical_altar_simple_redux, minmay_heptomino_d4
D:3:      elyvilon_altar_4, kiku_gazebo_garden_becter, uniq_ijyb
D:4:      nemelex_xobeh_ov_fountains_minmay, first_bread, lemuel_old_faithful

Skill      XL: |  1  2  3  4  5 |
---------------+----------------+-----
Stealth        | 1 2 3 |  3.2
Fighting       | 3 |  3.4
Long Blades    | 4 |  4.6
Dodging        | 3 |  3.1
Armour         | |  0.7

Action                   |  1- 3 |  4- 6 || total
-------------------------+-------+-------++-------
Melee: Falchion          |    79 |    14 ||    93
       Bite              |    13 |       ||    13
 Fire: Hunting sling     |    37 |   113 ||   150
 Abil: End Transformatio |       |     4 ||     4
       Bat Form          |       |     4 ||     4
  Use: Potion            |     3 |     9 ||    12
       Scroll            |     7 |     5 ||    12
 Stab: Sleeping          |     3 |       ||     3
       Distracted        |     1 |       ||     1
       Paralysed         |     2 |       ||     2
Armor: Leather armour    |    20 |    23 ||    43
Dodge: Dodged            |    58 |    70 ||   128
       Rpst.: Falchion   |    11 |     1 ||    12

Table legend:
 A = Spawn XP
 B = Non-spawn XP
 C = Spawn XP percentage of total XP
 D = Spawn monster count
 E = Non-spawn monster count
 F = Spawn count percentage of total count
 G = Total turns spent on level
                    A         B        C        D         E        F      G
               +---------+---------+-------+---------+---------+-------+---------
         Total |       0 |     260 |   0.0 |       0 |      51 |   0.0 |  4388
               +---------+---------+-------+---------+---------+-------+---------
           D:1 |       0 |      48 |   0.0 |       0 |      23 |   0.0 |  1107
           D:2 |       0 |      37 |   0.0 |       0 |       9 |   0.0 |   859
           D:3 |       0 |     122 |   0.0 |       0 |      16 |   0.0 |  2102
           D:4 |       0 |      53 |   0.0 |       0 |       3 |   0.0 |   320
               +---------+---------+-------+---------+---------+-------+---------

Table legend:
 A = Turns spent in this place as a percentage of turns spent in the entire game.
 B = Non-inter-level travel turns spent in this place as a percentage of non-inter-level travel turns spent in the entire game.
 C = Inter-level travel turns spent in this place as a percentage of turns spent in this place.
 D = Turns resting spent in this place as a percentage of non-inter-level travel turns spent in this place.
 E = Turns spent auto-exploring this place as a percentage of non-inter-level travel turns spent in this place.
 F = Non-inter-level travel turns spent in this place divided by the number of levels of this place that you've seen.
                   A       B       C       D       E      F
               +-------+-------+-------+-------+-------+----------------------
         Total | 100.0 | 100.0 |   5.8 |  31.1 |  40.0 | 1033.8
       Dungeon | 100.0 | 100.0 |   5.8 |  31.1 |  40.0 | 1033.8
               +-------+-------+-------+-------+-------+----------------------

Table legend:
 A = Kills in this place as a percentage of kills in entire the game.
 B = Kills by you in this place as a percentage of kills by you in the entire game.
 C = Kills by friends in this place as a percentage of kills by friends in the entire game.
 D = Other kills in this place as a percentage of other kills in the entire game.
 E = Experience gained in this place as a percentage of experience gained in the entire game.
 F = Experience gained in this place divided by the number of levels of this place that you have seen.
                   A       B       C       D       E      F
               +-------+-------+-------+-------+-------+----------------------
         Total | 100.0 | 100.0 |   N/A |   N/A | 100.0 |  65.0
       Dungeon | 100.0 | 100.0 |   N/A |   N/A | 100.0 |  65.0
               +-------+-------+-------+-------+-------+----------------------
